 Dungeon Crawl Stone Soup version 0.20.1-1-g8b1a95d (webtiles) character file.

87 Oakoak the Sneak (level 4, -4/54 HPs)
             Began as a Naga Wizard on Aug 27, 2017.
             Slain by Targos's ghost (6 damage)
             ... on level 3 of the Dungeon.
             The game lasted 00:13:55 (2720 turns).

Oakoak the Sneak (Naga Wizard)                      Turns: 2720, Time: 00:13:56

Health: -4/54      AC: 22    Str:  9    XL:     4   Next: 51%
Magic:  0/9        EV:  1    Int: 19    God:
Gold:   51         SH:  0    Dex: 15    Spells: 9/10 levels left

rFire    . . .     SeeInvis +   g - +2 dagger (venom)
rCold    . . .     Gourm    .   (no shield)
rNeg     + + +     Faith    .   (armour currently unavailable)
rPois    +         Spirit   .   (helmet currently unavailable)
rElec    .         Reflect  .   (cloak currently unavailable)
rCorr    .         Harm     .   (gloves currently unavailable)
MR       .....     NoTele   +   (no barding)
Stlth    ++++......             (no amulet)
Regen    0.2/turn               (no ring)
MPRegen  0.2/turn               (no ring)

@: agile, tree-form, very slightly contaminated, hasted, invisible, very quick
A: see invisible, slow metabolism 1, spit poison 1, AC +1
a: Spit Poison


You were on level 3 of the Dungeon.
You were not hungry.
You were a tree.
You visited 1 branch of the dungeon, and saw 3 of its levels.

You collected 51 gold pieces.

Inventory:

Hand Weapons
 f - a +0 short sword
 g - a +2 dagger of venom (weapon)
 o - a +0 dagger of distortion
Armour
 a - a +0 robe (melded)
 b - a +0 hat (melded)
Scrolls
 n - a scroll of noise {unknown}
 p - a scroll of enchant armour {unknown}
 q - a scroll of remove curse {unknown}
Potions
 k - a potion of lignification
 r - a potion of agility
Books
 c - a book of Minor Magic

   Spells                             Type                      Level
   a - Magic Dart                     Conjuration                  1
   b - Blink                          Translocation                2
   c - Call Imp                       Summoning                    2
   d - Slow                           Hexes                        2
   e - Conjure Flame                  Conjuration/Fire             3
   f - Mephitic Cloud                 Conjuration/Poison/Air       3
Comestibles
 d - a bread ration
 h - 2 meat rations
 j - 4 fruits


   Skills:
 + Level 0.8 Short Blades
 + Level 2.3 Dodging
 + Level 3.8 Stealth
 + Level 3.6 Spellcasting
 + Level 2.0 Conjurations
   Level 1.0 Summonings
   Level 1.0 Translocations


You had 9 spell levels left.
You knew the following spells:

 Your Spells              Type           Power        Failure   Level  Hunger
a - Magic Dart            Conj           ##..         6%          1    None


Dungeon Overview and Level Annotations

Branches:
Dungeon (3/15)

Altars:

Annotations:
D:3 Targos's ghost, amateur HuHu


Innate Abilities, Weirdness & Mutations

You cannot wear boots.
((Your serpentine skin is tough. (AC +1)))
You have supernaturally acute eyesight. (SInv)
((Armour fits poorly on your strangely shaped body.))
((Your system is resistant to poisons. (rPois)))
((You cover ground very slowly.))
You have a slow metabolism.
You can spit poison.


Message History

Aiming: Magic Dart
Press: ? - help, Shift-Dir - straight line, f/p - Targos's ghost
Aim: Targos's ghost (lightly damaged)
The magic dart hits Targos's ghost.
Targos's ghost is lightly damaged.
Targos's ghost hits you!
* * * LOW HITPOINT WARNING * * *
It was a potion of agility.
You feel agile all of a sudden.
The jackal bites you but does no damage.
As you read the scroll labeled ISEF JAROO, it crumbles to dust.
It is a scroll of identify.
o - a +0 dagger of distortion The jackal bites you but does no damage. x2
Targos's ghost hits you but does no damage.
As you read the scroll labeled WASUEPR FUINU, it crumbles to dust.
You feel a strange sense of stasis.
It was a scroll of teleportation.
The jackal bites you but does no damage. x2
Targos's ghost hits you.
You die...

#.# #.# #.#
#######.#####.######.#
..................>#.# #
######..##########(..#.#
#..# #......)# ##.#
###'#...... #.#
#.........# .# #.##
#...).#.... ... #♣h#
#.....#.#.# .... #Wh#
#.....#.#.# ..... #hS##
#.......#.# .....h##S..#
#.....###.. ....Sh...#.#
#.†.... .....S####.#
.......# ..... .# ....
.. ... .


You could see Targos's ghost, 2 adders and 3 jackals.

Vanquished Creatures
  4 adders (D:2)
  A dart slug (D:1)
  A leopard gecko (D:2)
  2 giant cockroaches (D:2)
  6 goblins
  5 hobgoblins
  2 jackals (D:1)
  2 quokkas (D:2)
  7 bats
  6 frilled lizards
  5 kobolds
  9 rats
50 creatures vanquished.

Notes
Turn   | Place    | Note
-------+----------+-------------------------------------------
     0 | D:1      | Oakoak the Naga Wizard began the quest for the Orb.
     0 | D:1      | Reached XP level 1. HP: 15/15 MP: 4/4
   595 | D:1      | Reached XP level 2. HP: 22/22 MP: 6/6
  1562 | D:2      | Reached XP level 3. HP: 28/28 MP: 4/7
  2405 | D:2      | Reached XP level 4. HP: 36/36 MP: 7/9
  2693 | D:3      | Noticed Targos's ghost (amateur HuHu)
  2717 | D:3      | HP: 1/54 [Targos's ghost (7)]
  2720 | D:3      | Slain by Targos's ghost

Skill      XL: |  1  2  3  4 |
---------------+-------------+-----
Dodging        | 2 |  2.3
Conjurations   | 2 |  2.0
Short Blades   | |  0.8
Stealth        | |  3.8
Spellcasting   | |  3.6
Summonings     | |  1.0
Translocations | |  1.0

Action                   |  1- 3 |  4- 6 || total
-------------------------+-------+-------++-------
Melee: Short sword       |    18 |       ||    18
       Dagger            |    54 |     9 ||    63
 Cast: Magic Dart        |    43 |    33 ||    76
 Abil: Spit Poison       |     1 |       ||     1
  Use: Potion            |     1 |     4 ||     5
       Scroll            |       |     2 ||     2
 Stab: Sleeping          |     2 |       ||     2
  Eat: Chunk             |     1 |       ||     1
       Bread ration      |     1 |       ||     1
       Fruit             |     1 |       ||     1
Armor: Skin              |    37 |    26 ||    63
       Robe              |    17 |       ||    17
Dodge: Dodged            |    53 |     9 ||    62
